 Dungeon Crawl Stone Soup version 0.23.0-3-gf3c87f2df8 (webtiles) character file.

Game seed: 10769313629294851422

3420 1994 the Insei (level 9, -5/69 HPs)
             Began as a Demonspawn Transmuter on Feb 22, 2019.
             Was a Believer of Makhleb.
             Splashed by a jelly's acid (6 damage)
             ... on level 10 of the Dungeon.
             The game lasted 00:50:37 (9998 turns).

1994 the Insei (Demonspawn Transmuter)              Turns: 9998, Time: 00:50:38

Health: -5/69      AC: -13   Str: 12    XL:     9   Next: 76%
Magic:  0/17       EV: 15    Int: 16    God:    Makhleb [**....]
Gold:   475        SH:  0    Dex: 14    Spells: 4/19 levels left

rFire    + . .     SeeInvis .     - Unarmed
rCold    . . .     Gourm    .   (no shield)
rNeg     + . .     Faith    .   p - +0 leather armour
rPois    +         Spirit   +   (no helmet)
rElec    .         Reflect  .   v - +1 cloak
rCorr    .         Harm     .   (no gloves)
MR       .....                  (no boots)
Stlth    +.........             f - amulet of rage
HPRegen  0.21/turn              H - ring of positive energy
MPRegen  0.15/turn              u - ring of poison resistance

@: corroded, hasted, very quick
A: talons 1, yellow scales 1, fire resistance 1, magic shield
a: Minor Destruction, Renounce Religion, Evoke Berserk Rage


You were on level 10 of the Dungeon.
You worshipped Makhleb.
Makhleb was pleased with you.
You were not hungry.

You visited 2 branches of the dungeon, and saw 11 of its levels.

You collected 475 gold pieces.

Inventory:

Hand Weapons
 w - the +7 mace of Utsiz {drain, *Noise rN+++ Dex+2 Stlth+}
   (You found it on level 4 of the Dungeon)

   A truly terrible weapon, it drains the life of those it strikes.
   It affects your dexterity (+2).
   It renders you almost immune to negative energy.
   It may make noises in combat.
   It makes you more stealthy.
Missiles
 a - 15 arrows
Armour
 b - a +0 robe
 j - a +1 helmet
 p - a +0 leather armour (worn)
 v - a +1 cloak (worn)
 x - a +0 ring mail
Jewellery
 f - an amulet of rage (around neck)
 u - a ring of poison resistance (right hand)
 H - a ring of positive energy (left hand)
Wands
 i - a wand of random effects (16)
 K - a wand of disintegration (15)
 N - a wand of flame (13)
Scrolls
 c - 3 scrolls of fog
 e - 2 scrolls of teleportation
 g - a scroll of remove curse
 k - a scroll of enchant weapon
 l - 2 scrolls of amnesia
 o - a scroll of magic mapping
 q - a scroll of fear {unknown}
 t - a scroll of blinking {unknown}
 y - a scroll of noise
 A - 4 scrolls of enchant armour
 E - 2 scrolls of random uselessness {unknown}
 G - a scroll of vulnerability {unknown}
 J - a scroll of torment {unknown}
Potions
 h - 3 potions of curing
 m - 3 potions of brilliance
 r - a potion of agility
 z - a potion of mutation
 B - 2 potions of heal wounds
 C - a potion of flight
 D - a potion of berserk rage
 F - a potion of magic
 I - a potion of invisibility
 L - a potion of lignification {unknown}
Comestibles
 d - 21 rations


   Skills:
 + Level 5.9 Fighting
 * Level 5.7 Dodging
 - Level 1.0 Stealth
 * Level 6.1 Unarmed Combat
 * Level 5.8 Spellcasting
 * Level 5.7 Transmutations
 + Level 4.3 Invocations


You had 4 spell levels left.
You knew the following spells:

 Your Spells              Type           Power        Failure   Level  Hunger
a - Beastly Appendage     Tmut           ###...       1%          1    None
b - Sticks to Snakes      Tmut           ###.....     2%          2    #......
c - Spider Form           Tmut/Pois      ##........   16%         3    ##.....
d - Ice Form              Ice/Tmut       ##......     47%         4    ####...
e - Blade Hands           Tmut           ###.......   43%         5    ######.

Your spell library contained the following spells:

 Spells                   Type           Power        Failure   Level  Hunger
 Shock                    Conj/Air       #...         19%         1    None
 Swiftness                Chrm/Air       #.......     26%         2    #......
 Static Discharge         Conj/Air       #.......     47%         3    ##.....
 Airstrike                Air            #.........   87%         4    ####...
 Lightning Bolt           Conj/Air       #.........   99%         5    ######.


Dungeon Overview and Level Annotations

Branches:
Dungeon (10/15)            Temple (1/1) D:4            Lair (0/6) D:8
    Orc: D:9-12

Altars:
Ashenzari
Cheibriados
Dithmenos
Elyvilon
Fedhas
Gozag
Hepliaklqana
Kikubaaqudgha
Makhleb
Nemelex Xobeh
Okawaru
Qazlal
Ru
Sif Muna
Trog
Uskayaw
Vehumet
Wu Jian
Xom
Yredelemnul
Zin
The Shining One


Innate Abilities, Weirdness & Mutations

You have sharp toenails.
You are partially covered in yellow scales. (AC +2)
Your flesh is heat resistant. (rF+)
When hurt, damage is shared between your health and your magic reserves.


Message History

You hit the jelly but do no damage.
Your hands burn!
* * * LOW HITPOINT WARNING * * *
You claw the jelly, but do no damage.
The jelly is heavily wounded.
The jelly completely misses you. The shadow imp gestures at you.
Pain shoots through your body!
* * * LOW HITPOINT WARNING * * *
The shadow imp gestures at you.
You are unaffected.
Okay, then.
You feel yourself speed up. The jelly hits you.
* * * LOW HITPOINT WARNING * * *
The acid corrodes you!
You are splashed with acid!
* * * LOW HITPOINT WARNING * * *
Unknown command.
The jelly hits you.
* * * LOW HITPOINT WARNING * * *
You are splashed with acid!
You die...

#.#♣.♣.# #.'.♣..#
#.#♣...# #.#♣..♣#
#.####### ...
#.......#####....
#..<.............
#................
#.....@..........
####.J5.........#
#............#
#............#
#####........#
#........#
#........#
#.........
#.........


You could see a jelly and a shadow imp.

Vanquished Creatures
  A two-headed ogre (D:8)
  A wyvern (D:9)
  A water moccasin (D:5)
  An ice beast (D:5)
  An orc warrior (D:9)
  2 phantoms
  3 sky beasts
  A black bear (D:7)
  3 ogres
  A big kobold (D:9)
  3 bullfrogs
  A water moccasin zombie (D:9)
  A scorpion (D:4)
  A killer bee (D:8)
  3 howler monkeys
  2 jellies
  3 crimson imps
  5 hounds
  Crazy Yiuf (D:4)
  3 orc priests
  A bullfrog zombie (D:6)
  4 orc wizards
  3 bullfrog skeletons
  A gnoll shaman (D:5)
  2 iguanas (D:7)
  6 worker ants
  A hound skeleton (D:8)
  A worker ant zombie (D:8)
  A howler monkey zombie (D:6)
  Robin (D:2)
  3 gnolls (D:5)
  7 adders
  An adder zombie (D:9)
  A dart slug (D:1)
  7 leopard geckos
  15 orcs
  2 giant cockroaches
  14 goblins
  12 hobgoblins
  3 jackals (D:5)
  5 quokkas
  A ball python (D:7)
  6 bats
  6 frilled lizards
  A jackal skeleton (D:5)
  12 kobolds
  A leopard gecko skeleton (D:7)
  4 rats
  A spectral orc (D:6)
161 creatures vanquished.

Notes
Turn   | Place    | Note
-------+----------+-------------------------------------------
     0 | D:1      | 1994 the Demonspawn Transmuter began the quest for the Orb.
     0 | D:1      | Reached XP level 1. HP: 15/15 MP: 3/3
   200 | D:1      | Gained mutation: When hurt, damage is shared between your
                  | health and your magic reserves. [demonic ancestry]
   200 | D:1      | Reached XP level 2. HP: 21/21 MP: 3/5
   525 | D:1      | Learned a level 2 spell: Sticks to Snakes
   720 | D:1      | Reached XP level 3. HP: 19/26 MP: 2/6
   909 | D:1      | Learned a level 3 spell: Spider Form
   930 | D:2      | Noticed Robin
   938 | D:2      | Killed Robin
   938 | D:2      | Reached skill level 1 in Stealth
   943 | D:2      | Reached skill level 3 in Unarmed Combat
  1936 | D:3      | Gained mutation: Your flesh is heat resistant. (rF+)
                  | [demonic ancestry]
  1936 | D:3      | Reached XP level 4. HP: 27/33 MP: 5/7
  3125 | D:4      | Gained mutation: You are partially covered in yellow
                  | scales. (AC +2) [demonic ancestry]
  3125 | D:4      | Reached XP level 5. HP: 24/38 MP: 7/9
  3312 | D:4      | Noticed an ogre
  3323 | D:4      | Killed an ogre
  3424 | D:4      | Noticed a phantom
  3506 | D:3      | Reached XP level 6. HP: 21/46 MP: 7/10
  3673 | D:3      | Learned a level 4 spell: Ice Form
  4000 | D:4      | Found a runed translucent door.
  4001 | D:4      | Noticed Crazy Yiuf
  4012 | D:4      | Killed Crazy Yiuf
  4012 | D:4      | Reached XP level 7. HP: 52/52 MP: 8/12
  4018 | D:4      | Got an ichor-stained mace
  4059 | D:4      | Identified the +7 mace of Utsiz {drain, *Noise rN+++ Dex+2
                  | Stlth+} (You found it on level 4 of the Dungeon)
  4139 | D:4      | Found a staircase to the Ecumenical Temple.
  4148 | Temple   | Entered the Ecumenical Temple
  4397 | Temple   | Became a worshipper of Makhleb the Destroyer
  4565 | D:4      | Reached skill level 4 in Unarmed Combat
  4693 | D:4      | Found a bloodstained altar of Trog.
  4929 | D:5      | Entered Level 5 of the Dungeon
  5003 | D:5      | Reached skill level 1 in Invocations
  5017 | D:5      | Reached * piety under Makhleb
  5759 | D:5      | Reached XP level 8. HP: 33/60 MP: 2/14
  6257 | D:6      | Learned a level 5 spell: Blade Hands
  6447 | D:6      | Got a translucent jade amulet
  6448 | D:6      | Identified the amulet "Neuboteg" {Inacc rPois} (You found
                  | it on level 6 of the Dungeon)
  7031 | D:6      | Reached skill level 5 in Unarmed Combat
  7133 | D:6      | Found a basalt altar of Yredelemnul.
  7571 | D:7      | Reached skill level 5 in Fighting
  7658 | D:7      | Reached skill level 5 in Spellcasting
  7658 | D:7      | Gained mutation: You have sharp toenails. [demonic
                  | ancestry]
  7658 | D:7      | Reached XP level 9. HP: 33/68 MP: 5/16
  7903 | D:7      | Reached skill level 5 in Dodging
  7959 | D:7      | Reached ** piety under Makhleb
  7985 | D:7      | Reached skill level 5 in Transmutations
  8336 | D:8      | Noticed a two-headed ogre
  8362 | D:8      | Killed a two-headed ogre
  8625 | D:8      | Found a basalt altar of Yredelemnul.
  8780 | D:8      | Found a staircase to the Lair.
  9768 | D:9      | Reached skill level 6 in Unarmed Combat
  9949 | D:10     | Entered Level 10 of the Dungeon
  9997 | D:10     | HP: 3/69 [acid (7)]
  9998 | D:10     | HP: 1/69 [jelly (2)]
  9998 | D:10     | Splashed by a jelly's acid

Skill      XL: |  1  2  3  4  5  6  7  8  9 |
---------------+----------------------------+-----
Dodging        | 2 3 4 5 |  5.7
Transmutations | 2 3 4 5 |  5.7
Stealth        | 1 |  1.0
Unarmed Combat | 3 4 5 6 |  6.1
Fighting       | 2 3 4 5 |  5.9
Spellcasting   | 3 4 5 |  5.8
Invocations    | 1 3 4 |  4.3

Action                   |  1- 3 |  4- 6 |  7- 9 || total
-------------------------+-------+-------+-------++-------
Melee: Unarmed           |   124 |   141 |   463 ||   728
       Kick              |     8 |    23 |    98 ||   129
       Headbutt          |     7 |       |    16 ||    23
       Punch             |     1 |       |     4 ||     5
 Cast: Beastly Appendage |    17 |    17 |    32 ||    66
       Spider Form       |     1 |     6 |    16 ||    23
       Sticks to Snakes  |       |       |     5 ||     5
Invok: Minor Destruction |       |       |     3 ||     3
 Abil: End Transformatio |       |     1 |       ||     1
  Use: Potion            |       |     1 |     1 ||     2
       Scroll            |       |       |    18 ||    18
 Stab: Sleeping          |       |     3 |       ||     3
  Eat: Chunk             |     2 |     6 |    18 ||    26
       Ration            |       |     1 |     1 ||     2
Armor: Robe              |    30 |    33 |       ||    63
       Skin              |     1 |       |     4 ||     5
       Leather armour    |       |       |    86 ||    86
Dodge: Dodged            |   119 |   125 |   352 ||   596
